PIO (24 & UNDER)
SALEM SLEDGEHAMMERS @ SURREY SINNERS
09/28/2024
 
TOP OF THE 1ST
Salem Sledgehammers batting - Pitching for Surrey Sinners : RHP Tom Wallace
Pitching: RHP Tom Wallace
Batting: LHB José Sánchez 0-0: Called Strike
0-1: Foul Ball, location: 2F
0-2: Ball
1-2: Ball
2-2: Strikes out swinging
Batting: RHB Patrick Daniels 0-0: Called Strike
0-1: Fly out, F7 (Flyball, 7LM)
Batting: RHB Glenn Broadwater 0-0: Called Strike
0-1: Called Strike
0-2: Ball
1-2: Ball
2-2: Foul Ball, location: 2F
2-2: Foul Ball, location: 2F
2-2: Ball
3-2: Ground out 6-3 (Groundball, 6M)
Top of the 1st over - 0 run(s), 0 hit(s), 0 error(s), 0 left on base; Salem 0 - Surrey 0
BOTTOM OF THE 1ST
Surrey Sinners batting - Pitching for Salem Sledgehammers : LHP Don Sutherland
Pitching: LHP Don Sutherland
Batting: RHB Félix Castro 0-0: Ball
1-0: Ball
2-0: SINGLE (Groundball, 4M)
Batting: RHB Daniel Santiago 0-0: Foul Ball, location: 2F
0-1: Foul Ball, location: 2F
0-2: Ground out 3-1 (Groundball, 34)
Félix Castro to second
Batting: RHB Víctor Arredondo 0-0: Ball
1-0: Ball
2-0: Ball
3-0: Called Strike
3-1: Base on Balls
Batting: LHB Benny Richard 0-0: Called Strike
0-1: Ball
1-1: Fly out, F8 (Flyball, 8LD)
Runner from 2nd tags up, SAFE at 3rd, no throw
Batting: RHB Eugene Booth 0-0: SINGLE (Line Drive, 9LS)
Félix Castro scores
Víctor Arredondo to second
Runner from 2nd tries for 3rd, SAFE, throw made to third
Batting: LHB Brian Ford 0-0: Called Strike
0-1: SINGLE (Line Drive, 34)
Víctor Arredondo scores
Eugene Booth to second
Runner from 2nd tries for 3rd, SAFE, throw made to third
Batting: RHB Shawn Gutiérrez 0-0: Fly out, F6 (Popup, 5DF)
Bottom of the 1st over - 2 run(s), 3 hit(s), 0 error(s), 2 left on base; Salem 0 - Surrey 2
TOP OF THE 2ND
Salem Sledgehammers batting - Pitching for Surrey Sinners : RHP Tom Wallace
Batting: LHB Juan Aguilar 0-0: Called Strike
0-1: Ball
1-1: Ball
2-1: Swinging Strike
2-2: Strikes out swinging
Batting: RHB Dale Reeves 0-0: Ball
1-0: Swinging Strike
1-1: Ball
2-1: Foul Ball, location: 2F
2-2: Strikes out swinging
Batting: RHB Finn Buys 0-0: Ball
1-0: Ball
2-0: Ball
3-0: Base on Balls
Batting: RHB Robert Stevens 0-0: Ball
1-0: Ball
2-0: Called Strike
2-1: Ball
3-1: Called Strike
3-2: Foul Ball, location: 2F
3-2: Strikes out swinging
Top of the 2nd over - 0 run(s), 0 hit(s), 0 error(s), 1 left on base; Salem 0 - Surrey 2
BOTTOM OF THE 2ND
Surrey Sinners batting - Pitching for Salem Sledgehammers : LHP Don Sutherland
Batting: RHB Miguel Palácios 0-0: Ball
1-0: Ball
2-0: Fly out, F3 (Popup, 3F)
Batting: RHB Ryan Parrish 0-0: Ball
1-0: Swinging Strike
1-1: Foul Ball, location: 2F
1-2: Ball
2-2: Ground out 6-3 (Groundball, 6)
Batting: RHB Félix Castro 0-0: Ball
1-0: Ball
2-0: Ball
3-0: Base on Balls
Batting: RHB Daniel Santiago 0-0: Ball
1-0: Fly out, F4 (Popup, 34D)
Bottom of the 2nd over - 0 run(s), 0 hit(s), 0 error(s), 1 left on base; Salem 0 - Surrey 2
TOP OF THE 3RD
Salem Sledgehammers batting - Pitching for Surrey Sinners : RHP Tom Wallace
Batting: RHB Sergio Mata 0-0: Called Strike
0-1: Swinging Strike
0-2: Ball
1-2: SINGLE (Groundball, 25) (infield hit)
Pinch Runner at 1st Nathan Frey:
Batting: LHB Caleb Hall 0-0: Ball
1-0: SINGLE (Groundball, 3D)
Nathan Frey to second
Batting: LHB José Sánchez 0-0: Ball
1-0: Ball
2-0: Ball
3-0: Called Strike
3-1: Base on Balls
Nathan Frey to third
Caleb Hall to second
Batting: RHB Patrick Daniels 0-0: Swinging Strike
0-1: Grounds into double play, U4-3 (Groundball, 4M)
Nathan Frey scores
Caleb Hall to third
Batting: RHB Glenn Broadwater 0-0: Called Strike
0-1: Swinging Strike
0-2: Ball
1-2: Strikes out swinging
Top of the 3rd over - 1 run(s), 2 hit(s), 0 error(s), 1 left on base; Salem 1 - Surrey 2
BOTTOM OF THE 3RD
Surrey Sinners batting - Pitching for Salem Sledgehammers : LHP Don Sutherland
Now at SS: Nathan Frey
Batting: RHB Víctor Arredondo 0-0: Swinging Strike
0-1: Ball
1-1: Ball
2-1: Ball
3-1: Base on Balls
Batting: LHB Benny Richard 0-0: Called Strike
0-1: Ball
1-1: Called Strike
1-2: Strikes out swinging
Batting: RHB Eugene Booth 0-0: Called Strike
0-1: Ball
1-1: Fielders Choice at 2nd, 3-6 (Groundball, 34)
Batting: LHB Brian Ford 0-0: Called Strike
0-1: Ball
1-1: Ball
2-1: Ball
Wild Pitch!
Eugene Booth to second
3-1: Base on Balls
Batting: RHB Shawn Gutiérrez 0-0: DOUBLE (Line Drive, 5D)
Eugene Booth scores
Brian Ford to third
Runner from 3rd tries for Home, throw and OUT!
Bottom of the 3rd over - 1 run(s), 1 hit(s), 0 error(s), 1 left on base; Salem 1 - Surrey 3
TOP OF THE 4TH
Salem Sledgehammers batting - Pitching for Surrey Sinners : RHP Tom Wallace
Batting: LHB Juan Aguilar 0-0: Called Strike
0-1: Called Strike
0-2: Ball
1-2: Ground out 1-3 (Groundball, 13)
Batting: RHB Dale Reeves 0-0: Ball
1-0: Ball
2-0: Foul Ball, location: 2F
2-1: Ball
3-1: SINGLE (Groundball, 6MD)
Batting: RHB Finn Buys 0-0: Ball
1-0: Ball
2-0: Called Strike
2-1: Ball
3-1: Foul Ball, location: 2F
3-2: Strikes out swinging
Batting: RHB Robert Stevens 0-0: Called Strike
Dale Reeves is caught stealing 2nd base
Top of the 4th over - 0 run(s), 1 hit(s), 0 error(s), 0 left on base; Salem 1 - Surrey 3
BOTTOM OF THE 4TH
Surrey Sinners batting - Pitching for Salem Sledgehammers : LHP Don Sutherland
Batting: RHB Miguel Palácios 0-0: Ball
1-0: Foul Ball, location: 2F
1-1: Ball
2-1: Ball
3-1: Ground out 3-1 (Groundball, 4S)
Batting: RHB Ryan Parrish 0-0: Called Strike
0-1: Ball
1-1: Reached on error, E6 (Groundball, 6)
Batting: RHB Félix Castro 0-0: Called Strike
0-1: Ball
Ryan Parrish steals 2nd base
1-1: Swinging Strike
1-2: Ground out 3-4 (Groundball, 3L)
Ryan Parrish to third
Batting: RHB Daniel Santiago 0-0: Ball
1-0: Foul Ball, location: 2F
1-1: Ball
2-1: SINGLE (Flyball, 4MD)
Ryan Parrish scores
Batting: RHB Víctor Arredondo 0-0: Called Strike
0-1: Swinging Strike
0-2: Ball
1-2: Foul Ball, location: 2F
1-2: Ball
2-2: Strikes out swinging
Bottom of the 4th over - 1 run(s), 1 hit(s), 1 error(s), 1 left on base; Salem 1 - Surrey 4
TOP OF THE 5TH
Salem Sledgehammers batting - Pitching for Surrey Sinners : RHP Tom Wallace
Batting: RHB Robert Stevens 0-0: Ground out 4-3 (Groundball, 4)
Batting: LHB Nathan Frey 0-0: Ball
1-0: Ball
2-0: Ball
3-0: Foul Ball, location: 2F
3-1: Foul Ball, location: 2F
3-2: Foul Ball, location: 2F
3-2: Base on Balls
Batting: LHB Caleb Hall 0-0: SINGLE (Flyball, 89S)
Nathan Frey to second
Batting: LHB José Sánchez 0-0: Ball
1-0: Ground out 3-1 (Groundball, 34)
Nathan Frey to third
Caleb Hall to second
Batting: RHB Patrick Daniels 0-0: Foul Ball, location: 2F
0-1: SINGLE (Flyball, 78S)
Nathan Frey scores
Caleb Hall to third
Runner from 3rd tries for Home, SAFE, no throw or cutoff
Batting: RHB Glenn Broadwater 0-0: Called Strike
0-1: Called Strike
0-2: Strikes out looking
Top of the 5th over - 2 run(s), 2 hit(s), 0 error(s), 1 left on base; Salem 3 - Surrey 4
BOTTOM OF THE 5TH
Surrey Sinners batting - Pitching for Salem Sledgehammers : LHP Don Sutherland
Batting: LHB Benny Richard 0-0: Ball
1-0: SINGLE (Groundball, 6M)
Batting: RHB Eugene Booth 0-0: Swinging Strike
0-1: Ball
1-1: Grounds into double play, 4-6-3 (Groundball, 4)
Batting: LHB Brian Ford 0-0: Called Strike
0-1: Ball
1-1: Ball
2-1: Foul Ball, location: 2F
2-2: Foul Ball, location: 2F
2-2: Foul Ball, location: 2F
2-2: Foul Ball, location: 2F
2-2: Strikes out looking
Bottom of the 5th over - 0 run(s), 1 hit(s), 0 error(s), 0 left on base; Salem 3 - Surrey 4
TOP OF THE 6TH
Salem Sledgehammers batting - Pitching for Surrey Sinners : RHP Tom Wallace
Pitching: RHP Sergio Romo
Batting: LHB Juan Aguilar 0-0: Ball
1-0: Ball
2-0: Ball
3-0: Base on Balls
Batting: RHB Dale Reeves 0-0: Ball
1-0: SINGLE (Line Drive, 8LS)
Juan Aguilar to second
Batting: RHB Finn Buys 0-0: Ball
1-0: Ball
2-0: Ball
3-0: Base on Balls
Juan Aguilar to third
Dale Reeves to second
Batting: RHB Robert Stevens 0-0: Ball
1-0: SINGLE (Line Drive, 89S)
Juan Aguilar scores
Dale Reeves to third
Finn Buys to second
Runner from 3rd tries for Home, SAFE, no throw or cutoff
Batting: LHB Nathan Frey 0-0: Foul Ball, location: 2F
0-1: Swinging Strike
0-2: Foul Ball, location: 2F
0-2: Ball
1-2: Foul Ball, location: 2F
1-2: Strikes out looking
Batting: LHB Caleb Hall 0-0: Fly out, F3 (Popup, 3DF)
Batting: LHB José Sánchez 0-0: Ball
1-0: Foul Ball, location: 2F
1-1: SINGLE (Flyball, 8LS)
Finn Buys to third
Robert Stevens to second
Runner from 3rd tries for Home, SAFE, throw made home
Batting: RHB Patrick Daniels 0-0: Foul Ball, location: 2F
0-1: Ball
1-1: Ball
2-1: Ball
3-1: Foul Ball, location: 2F
3-2: SINGLE (Groundball, 56)
Robert Stevens to third
José Sánchez to second
Robert Stevens scores
José Sánchez to third
Pitching: RHP Tomás Silva
Batting: RHB Glenn Broadwater 0-0: Called Strike
0-1: Ball
1-1: Ball
2-1: Foul Ball, location: 2F
2-2: Foul Ball, location: 2F
2-2: Strikes out swinging
Top of the 6th over - 4 run(s), 4 hit(s), 0 error(s), 2 left on base; Salem 7 - Surrey 4
BOTTOM OF THE 6TH
Surrey Sinners batting - Pitching for Salem Sledgehammers : LHP Don Sutherland
Pitching: RHP José López
Batting: RHB Shawn Gutiérrez 0-0: Ground out 6-3 (Groundball, 6)
Batting: RHB Miguel Palácios 0-0: Ball
1-0: Ball
2-0: Called Strike
2-1: Ball
3-1: Called Strike
3-2: Foul Ball, location: 2F
3-2: Base on Balls
Batting: RHB Ryan Parrish 0-0: Ball
1-0: Ball
2-0: SINGLE (Groundball, 5D)
Miguel Palácios to second
Batting: RHB Félix Castro 0-0: Ball
1-0: Foul Ball, location: 2F
1-1: Called Strike
1-2: Foul Ball, location: 2F
1-2: Ball
2-2: Grounds into double play, U4-3 (Groundball, 4)
Bottom of the 6th over - 0 run(s), 1 hit(s), 0 error(s), 1 left on base; Salem 7 - Surrey 4
TOP OF THE 7TH
Salem Sledgehammers batting - Pitching for Surrey Sinners : RHP Tomás Silva
Batting: LHB Juan Aguilar 0-0: Ball
1-0: Called Strike
1-1: Called Strike
1-2: Ball
2-2: Strikes out swinging
Batting: RHB Dale Reeves 0-0: Called Strike
0-1: Ball
1-1: Ball
2-1: Fly out, F9 (Flyball, 89M)
Batting: RHB Finn Buys 0-0: Ball
1-0: Called Strike
1-1: Swinging Strike
1-2: Ball
2-2: Ball
3-2: Fly out, F7 (Flyball, 7LM)
Top of the 7th over - 0 run(s), 0 hit(s), 0 error(s), 0 left on base; Salem 7 - Surrey 4
BOTTOM OF THE 7TH
Surrey Sinners batting - Pitching for Salem Sledgehammers : RHP José López
Batting: RHB Daniel Santiago 0-0: Ball
1-0: Ball
2-0: Ball
3-0: Called Strike
3-1: Base on Balls
Batting: RHB Víctor Arredondo 0-0: Ball
1-0: Fly out, F3 (Popup, 3F)
Batting: LHB Benny Richard 0-0: Called Strike
0-1: DOUBLE (Flyball, 7D)
Daniel Santiago to third
Batting: RHB Eugene Booth 0-0: Called Strike
0-1: Ball
1-1: Called Strike
1-2: Ball
2-2: Foul Ball, location: 2F
2-2: Ball
3-2: Foul Ball, location: 2F
3-2: Strikes out looking
Batting: LHB Brian Ford 0-0: Ball
1-0: Called Strike
1-1: Ball
2-1: SINGLE (Groundball, 34D)
Daniel Santiago scores
Benny Richard to third
Runner from 3rd tries for Home, SAFE, no throw or cutoff
Batting: RHB Shawn Gutiérrez 0-0: Called Strike
0-1: Ball
1-1: Fielders Choice at 2nd, U6 (Groundball, 6M)
Bottom of the 7th over - 2 run(s), 2 hit(s), 0 error(s), 1 left on base; Salem 7 - Surrey 6
TOP OF THE 8TH
Salem Sledgehammers batting - Pitching for Surrey Sinners : RHP Tomás Silva
Batting: RHB Robert Stevens 0-0: Ball
1-0: Called Strike
1-1: Swinging Strike
1-2: Ball
2-2: Strikes out looking
Pitching: LHP Cliff Williams
Batting: LHB Nathan Frey 0-0: Called Strike
0-1: Called Strike
0-2: Ball
1-2: Foul Ball, location: 2F
1-2: Ground out U3 (Groundball, 3S)
Batting: LHB Caleb Hall 0-0: Ground out 4-3 (Groundball, 4M)
Top of the 8th over - 0 run(s), 0 hit(s), 0 error(s), 0 left on base; Salem 7 - Surrey 6
BOTTOM OF THE 8TH
Surrey Sinners batting - Pitching for Salem Sledgehammers : RHP José López
Pitching: RHP Guillermo Martínez
Batting: RHB Miguel Palácios 0-0: DOUBLE (Line Drive, 89M)
Pitching: RHP Roberto Moreno
Batting: RHB Ryan Parrish 0-0: Ground out 6-3 (Groundball, 6)
Miguel Palácios to third
Pinch Hitting: RHB Ben Alexander 0-0: Foul Ball, location: 2F
0-1: Foul Ball, location: 2F
0-2: Ball
1-2: Strikes out looking
Pinch Hitting: LHB Buddy Rice 0-0: Ball
1-0: Ball
2-0: Swinging Strike
2-1: Foul Ball, location: 2F
2-2: Fly out, F9 (Flyball, 9M)
Bottom of the 8th over - 0 run(s), 1 hit(s), 0 error(s), 1 left on base; Salem 7 - Surrey 6
TOP OF THE 9TH
Salem Sledgehammers batting - Pitching for Surrey Sinners : LHP Cliff Williams
Pitching: LHP Henry Brown
Now at 3B: Brett Murphy
Now in LF: Buddy Rice
Batting: LHB José Sánchez 0-0: SINGLE (Line Drive, 56)
Batting: RHB Patrick Daniels 0-0: Foul Ball, location: 2F
0-1: Ball
1-1: Fly out, F9 (Flyball, 9M)
Batting: RHB Glenn Broadwater 0-0: Ball
1-0: Foul Ball, location: 2F
1-1: SINGLE (Flyball, 7LS)
José Sánchez to second
Batting: LHB Juan Aguilar 0-0: Called Strike
0-1: Fielders Choice at 2nd, 4-6 (Groundball, 4)
José Sánchez to third
Batting: RHB Dale Reeves 0-0: Swinging Strike
0-1: Ground out 4-3 (Groundball, 4)
Top of the 9th over - 0 run(s), 2 hit(s), 0 error(s), 2 left on base; Salem 7 - Surrey 6
BOTTOM OF THE 9TH
Surrey Sinners batting - Pitching for Salem Sledgehammers : RHP Roberto Moreno
Pitching: LHP Allen Purss
Batting: RHB Víctor Arredondo 0-0: Ground out 5-3 (Groundball, 56)
Batting: LHB Benny Richard 0-0: Ball
1-0: SINGLE (Line Drive, 8RS)
Pinch Runner at 1st Clint Younger:
Pinch Hitting: RHB Augusto Trevino 0-0: Ball
1-0: Ball
2-0: Fly out, F9 (Flyball, 89M)
Pinch Hitting: RHB Jesús Lara 0-0: Called Strike
0-1: Ground out 5-3 (Groundball, 56S)
Bottom of the 9th over - 0 run(s), 1 hit(s), 0 error(s), 1 left on base; Salem 7 - Surrey 6
This league is powered by Out of the Park Baseball, the baseball management simulation game for PC, Mac and Linux
Saturday, April 9th, 2016 - OOTP Baseball 16.8 Build 38